 Dungeon Crawl Stone Soup version 0.26.0-10-g1f06aea511 (webtiles) character file.

Game seed: 13320005614102797300

24246 iamserjio the Severer (level 12, 99/100 HPs)
             Began as a Minotaur Fighter on Jan 24, 2021.
             Was the Champion of Ru.
             Quit the game on level 2 of the Lair of Beasts.
             The game lasted 00:12:24 (17103 turns).

iamserjio the Severer (Minotaur Fighter)           Turns: 17103, Time: 00:12:25

Health: 99/100     AC: 13    Str: 27    XL:     12   Next: 79%
Magic:  11/11      EV:  9    Int:  5    God:    Ru [******]
Gold:   960        SH: 13    Dex: 13    Spells: 11/11 levels left

rFire    . . .     SeeInvis .   a - +6 war axe
rCold    . . .     Faith    .   c - +0 kite shield
rNeg     + . .     Spirit   .   b - +3 scale mail
rPois    .         Reflect  .   (helmet restricted)
rElec    .         Harm     .   N - +2 cloak {Stlth+}
rCorr    .         Rampage  .   x - +0 pair of gloves
Will     .....                  (no boots)
Stlth    +.........             L - amulet of regeneration
HPRegen  0.66/turn              M - ring of positive energy
MPRegen  0.12/turn              (no ring)

@: mighty, mildly poisoned (99 -> 99)
A: retaliatory headbutt, horns 2, thin skeletal structure 1, frail 1, strong 1,
inability to read while threatened, hated by all, cowardly, inability to train
armour
a: Renounce Religion, Draw Out Power, Power Leap, Apocalypse


You were on level 2 of the Lair of Beasts.
You worshipped Ru.
Ru was exalted by your worship.
You visited 3 branches of the dungeon, and saw 15 of its levels.
You also visited: Ossuary and Gauntlet.

You collected 960 gold pieces.

Inventory:

Hand Weapons
 a - a +6 war axe (weapon)
 r - a +0 eveningstar
Missiles
 o - a throwing net
 J - 11 silver javelins
Armour
 b - a +3 scale mail (worn)
 c - a +0 kite shield (worn)
 x - a +0 pair of gloves (worn)
 A - the +4 plate armour of Grottiness {Dex+3}
   (You took it off a minotaur in a Gauntlet)

   It affects your dexterity (+3).
 E - a +0 plate armour
 K - the +4 ring mail of Refuge {+Blink +Inv rN++ Slay-5 Stlth+, unknown}
   (You found it on level 9 of the Dungeon)

   It affects your accuracy and damage with ranged weapons and melee attacks
   (-5).
   It greatly protects you from negative energy.
   It lets you turn invisible.
   It lets you blink.
   It makes you more stealthy.
 N - a +2 cloak of stealth (worn)
 S - a +1 scale mail of positive energy
Jewellery
 s - an uncursed amulet of magic regeneration
 L - an amulet of regeneration (around neck)
 M - a ring of positive energy (left hand)
 R - a +4 ring of protection
Wands
 l - a wand of polymorph (28)
 w - a wand of acid (33) (quivered) {@v1}
 F - a wand of paralysis (7)
 G - a wand of iceblast (5) {@v2}
 P - a wand of digging (5) {@v3}
Scrolls
 f - 2 scrolls of identify {@r1}
 h - 10 scrolls of teleportation {@r3}
 k - 5 scrolls of random uselessness
 n - 4 scrolls of blinking {@r4}
 p - 8 scrolls of remove curse {@r2}
 u - 5 scrolls of noise
 v - 3 scrolls of magic mapping {@r5}
 y - 3 scrolls of fog
 B - 4 scrolls of immolation
 D - 3 scrolls of amnesia
 O - a scroll of torment
Potions
 e - a potion of magic
 g - 6 potions of curing {unknown}
 i - 3 potions of lignification {unknown}
 j - 5 potions of mutation
 m - 4 potions of resistance {unknown}
 q - a potion of cancellation
 t - a potion of brilliance
 z - 5 potions of degeneration
 C - 3 potions of attraction
 H - a potion of flight {unknown}
 I - 3 potions of heal wounds {@q2}
Miscellaneous
 Q - a phial of floods


   Skills:
 + Level 12.1 Fighting
 * Level 15.7 Axes
   Level 0.0 Armour
 + Level 12.0 Shields


You had 11 spell levels left.
You didn't know any spells.
Your spell library was empty.

Dungeon Overview and Level Annotations

Branches:
Dungeon (12/15)            Temple (1/1) D:5            Lair (2/6) D:8
    Orc (0/2) D:9         Ossuary (visited)         Gauntlet (visited)
  Swamp: Lair:2-4    Shoals: Lair:2-4     Snake: Lair:2-4    Spider: Lair:2-4

Altars:
Ashenzari
Cheibriados
Dithmenos
Elyvilon
Fedhas
Gozag
Hepliaklqana
Kikubaaqudgha
Makhleb
Nemelex Xobeh
Okawaru
Qazlal
Ru
Sif Muna
Trog
Uskayaw
Vehumet
Wu Jian
Xom
Yredelemnul
Zin
The Shining One
Beogh

Portals:
Trove: D:11 (give +3 fire dragon scales)
Ice
Cave: Lair:2

Annotations:
D:6 3 runed translucent doors, IHuginn's ghost, amateur GrMo
D:12 Azrael


Innate Abilities, Weirdness & Mutations

You reflexively headbutt those who attack you in melee.
You have a pair of horns on your head.
You are frail. (-10% HP)
You cannot read scrolls while threatened.
You are hated by all.
Your cowardice makes you less effective in combat with threatening monsters.
You cannot train Armour skill.
You have a somewhat thin skeletal structure. (Dex +2, Stealth)
Your muscles are strong. (Str +2)


Message History

The worker ant is severely wounded.
You slash the worker ant! You slash the soldier ant! You slash the worker ant!
You slash the soldier ant!
You feel sick. The soldier ant closely misses you.
The worker ant is stunned by your conviction and fails to attack.
The worker ant bites you but does no damage. x2
You slash the worker ant!
You kill the worker ant!
You slash the worker ant!
You kill the worker ant!
You slice the soldier ant!!
You kill the soldier ant!
Your shield prevents you from hitting the worker ant.
You hit the soldier ant.
A worker ant comes into view.
A soldier ant comes into view.
You block the soldier ant's attack. The worker ant barely misses you.
You furiously retaliate!
You headbutt the worker ant!!
You kill the worker ant!
Your Armour skill increases to level 12!
Your Shields skill increases to level 12!
You slice the worker ant!!
You kill the worker ant!
You slice the soldier ant!!
The soldier ant is stunned by your conviction and fails to attack.
A soldier ant comes into view.
You feel a twist of horror at the sight of this foe.
You barely miss the soldier ant.
The soldier ant is almost dead.
You hit the worker ant. You slash the worker ant!
You redirect the worker ant's attack!
The worker ant misses the worker ant.
You slash the soldier ant!
You kill the soldier ant!
You slash the soldier ant! You hit the worker ant.
You closely miss the worker ant. The worker ant bites you.
You are more poisoned.
The worker ant poisons you!
You slice the worker ant!!
You kill the worker ant!
Your shield prevents you from hitting the soldier ant.
You slash the worker ant!
You kill the worker ant!
You barely miss the worker ant.
You feel sick.
The soldier ant is stunned by your conviction and fails to attack.
You block the worker ant's attack.
You closely miss the soldier ant.
The soldier ant is moderately wounded.
You hit the worker ant.
You redirect the worker ant's attack!
The worker ant bites itself.
The soldier ant stings you but does no damage.
You slash the worker ant!
You kill the worker ant!
You closely miss the soldier ant.
You feel sick.
You slice the soldier ant!!
You kill the soldier ant!
You slice the soldier ant!!
The soldier ant is heavily wounded.
You feel sick. You block the soldier ant's attack.
You slash the soldier ant!
The soldier ant is almost dead.
You block the soldier ant's attack.
You hit the soldier ant but do no damage.
The soldier ant is almost dead.
You feel sick. You block the soldier ant's attack.
You slash the soldier ant!
You kill the soldier ant!
No target in view!
No target in view!
No target in view!
No target in view!
No target in view!
No target in view!
No target in view!
No target in view!
No target in view!
No target in view!
No target in view!
No target in view!
No target in view!
No target in view!
No target in view!
No target in view!
No target in view!
No target in view!
You feel sick.
The crackling of melting ice is subsiding rapidly.
Ru believes you are ready to make a new sacrifice.
Things that are here:
a worker ant corpse; a worker ant corpse
Okay, then.
Unknown command.
Ru asks you to sacrifice your Armour skill.
This is a major sacrifice.
Piety after sacrifice: ****** Do you really want to make this sacrifice?
You can no longer train Armour skill.
Your Armour skill lost 12 levels and is now at level 0!
Ru indicates that your awakening is complete.
You feel sick.
Unknown command.
Are you sure you want to abandon this character and quit the game? (Confirm with "yes".)

#***###.#.....,,,,,,,,,*,,,,*,,*,
.,,,,........##*,*,##**,***,*****
.,,,,,......#.#,**#..#,**,*,**
#***,*##.....#,**#.#.#**,*,*,* .*
***#.....#.###....#..,,*,** .*
#####....##....#...,,**,**
P###P##.....†##†#..##*,*,,*,*
...........†#....†..#...**,**
............##..@†...#,**,*,*
............##.#......#,,*,**
..##.###....##....#.....,,*,*
...### #.....###..#.####,**,**
...#####....#..##.#,.****,*,,*
..#.........##.#,#.,*.,*,**,,*
.............##,**##,#.***,***
................,,,,,,*,,,**
)...............,,,,,,*****


There were no monsters in sight!

Vanquished Creatures
  A minotaur (Gauntlet)
  A boulder beetle (D:11)
  3 hydras
  A catoblepas (Lair:2)
  2 centaur warriors (D:11)
  2 two-headed ogres
  A death knight (D:11)
  A queen ant (Lair:2)
  An unseen horror (D:10)
  A necromancer (Gauntlet)
  2 cyclopes (D:11)
  Maurice (D:10)
  A centaur zombie (D:11)
  2 black mambas
  Joseph (D:7)
  A cane toad (Lair:1)
  A smoke demon (Gauntlet)
  A rime drake (Lair:1)
  A red devil (Gauntlet)
  A komodo dragon (Lair:1)
  2 trolls
  Grinder (D:6)
  Prince Ribbit (D:7)
  A raiju (Gauntlet)
  A shadow (D:11)
  2 wyverns (D:10)
  9 yaks
  A basilisk (D:9)
  A steam dragon (Gauntlet)
  Menkaure (D:7)
  6 soldier ants (Lair:2)
  2 hell hounds
  2 water moccasins
  An acid dragon (D:11)
  A phantom (D:11)
  3 sky beasts
  2 black bears
  8 orc warriors
  6 ogres
  3 wolves (Gauntlet)
  7 ice beasts
  9 centaurs
  2 big kobolds
  An elf zombie (D:8)
  9 bullfrogs
  2 elf skeletons (D:8)
  3 scorpions
  27 wights
  4 howler monkeys
  A bullfrog zombie (D:5)
  2 crimson imps (Gauntlet)
  3 hounds
  A jelly (D:5)
  7 orc priests
  3 human skeletons (D:8)
  A bullfrog skeleton (D:11)
  Jessica (D:2)
  16 orc wizards
  4 iguanas
  14 worker ants
  4 mummies (Ossuary)
  A worker ant zombie (D:6)
  A howler monkey zombie (D:7)
  A howler monkey skeleton (D:8)
  9 adders
  2 shadow imps
  A white imp (D:5)
  An ufetubus (D:5)
  A worm (D:3)
  4 dart slugs
  6 leopard geckos
  35 orcs
  5 bats
  5 giant cockroaches
  3 gnoll zombies (Ossuary)
  8 hobgoblins
  8 jackals
  4 quokkas
  3 ball pythons
  3 frilled lizards
  7 goblins
  2 goblin zombies (Ossuary)
  A hobgoblin zombie (Ossuary)
  2 jackal skeletons
  10 kobolds
  An orc zombie (Ossuary)
  A quokka zombie (D:8)
  7 rats
  A bush (D:7)
334 creatures vanquished.

Vanquished Creatures (others)
  An unseen horror (D:11)
  A gargoyle (D:10)
  A centaur (D:12)
  An orc wizard (D:12)
  A big kobold zombie (Ossuary)
  An orc (D:8)
  A plant (Lair:2)
7 creatures vanquished.

Grand Total: 341 creatures vanquished

Notes
Turn   | Place    | Note
-------+----------+-------------------------------------------
     0 | D:1      | iamserjio the Minotaur Fighter began the quest for the Orb.
     0 | D:1      | Reached XP level 1. HP: 19/19 MP: 0/0
    91 | D:1      | Reached XP level 2. HP: 27/27 MP: 1/1
   139 | D:1      | Reached skill level 3 in Axes
   648 | D:2      | Reached XP level 3. HP: 31/33 MP: 2/2
  1187 | D:2      | Noticed Jessica
  1194 | D:2      | Killed Jessica
  1195 | D:2      | Reached skill level 4 in Axes
  1195 | D:2      | Reached XP level 4. HP: 37/40 MP: 3/3
  1837 | D:3      | Reached XP level 5. HP: 42/47 MP: 4/4
  1982 | D:3      | Reached skill level 5 in Axes
  2460 | D:4      | Found a basalt altar of Yredelemnul.
  2620 | D:4      | Reached XP level 6. HP: 49/55 MP: 5/5
  3157 | D:5      | Entered Level 5 of the Dungeon
  3310 | D:5      | Reached skill level 5 in Fighting
  3310 | D:5      | Reached skill level 5 in Armour
  3310 | D:5      | Reached skill level 5 in Shields
  3585 | D:5      | Reached skill level 6 in Axes
  3677 | D:5      | Found a staircase to the Ecumenical Temple.
  3688 | D:5      | Reached XP level 7. HP: 55/61 MP: 6/6
  3700 | Temple   | Entered the Ecumenical Temple
  3821 | Temple   | Became a worshipper of Ru the Awakened
  4594 | D:5      | Found a blossoming altar of Fedhas.
  4789 | D:5      | Reached skill level 7 in Axes
  5089 | D:6      | Reached XP level 8. HP: 70/70 MP: 7/7
  5240 | D:6      | Reached skill level 8 in Axes
  5245 | D:6      | Gained mutation: You are hated by all. [Ru sacrifice]
  5245 | D:6      | Reached * piety under Ru
  5308 | D:6      | Gained mutation: Your muscles are strong. (Str +2) [potion
                  | of mutation]
  5308 | D:6      | Gained mutation: You have a somewhat thin skeletal
                  | structure. (Dex +2, Stealth) [potion of mutation]
  7535 | D:6      | Noticed Grinder
  7539 | D:6      | Paralysed by Grinder for 6 turns
  7547 | D:6      | Killed Grinder
  7728 | D:6      | Noticed IHuginn's ghost (amateur GrMo)
  7730 | D:6      | Found a runed translucent gate.
  7730 | D:6      | Found a runed translucent gate.
  7731 | D:6      | Found a runed translucent gate.
  7925 | D:6      | Found a roughly hewn altar of Beogh.
  7947 | D:7      | Noticed Joseph
  7955 | D:7      | Killed Joseph
  7956 | D:7      | Reached skill level 9 in Axes
  7956 | D:7      | Reached XP level 9. HP: 47/79 MP: 8/8
  8339 | D:7      | Noticed Menkaure
  8343 | D:7      | Killed Menkaure
  8371 | D:7      | Noticed Prince Ribbit
  8692 | D:7      | Reached skill level 10 in Axes
  8759 | D:7      | Killed Prince Ribbit
  9124 | D:7      | Found an opulent altar of Gozag.
  9402 | D:8      | Found a white marble altar of Elyvilon.
  9411 | D:8      | Reached skill level 11 in Axes
  9505 | D:8      | Reached XP level 10. HP: 89/90 MP: 9/9
  9521 | D:8      | Found a staircase to the Lair.
  9554 | D:8      | Found a hide-covered altar of Uskayaw.
  9683 | D:8      | Gained mutation: Your cowardice makes you less effective in
                  | combat with threatening monsters. [Ru sacrifice]
  9683 | D:8      | Reached ** piety under Ru
  9870 | D:8      | Found a sand-covered staircase.
  9881 | Ossuary  | Entered an ossuary
 10209 | D:9      | Found a staircase to the Orcish Mines.
 10358 | D:9      | Found an iron altar of Okawaru.
 10408 | D:9      | Got a warped ring mail
 11081 | D:10     | Entered Level 10 of the Dungeon
 11296 | D:10     | Reached skill level 12 in Axes
 11639 | D:10     | Noticed a two-headed ogre
 11648 | D:10     | Killed a two-headed ogre
 11909 | D:10     | Gained mutation: You are frail. (-10% HP) [Ru sacrifice]
 11909 | D:10     | Reached *** piety under Ru
 11909 | D:10     | Reached **** piety under Ru
 11926 | D:10     | Noticed Maurice
 11938 | D:10     | Killed Maurice
 12039 | D:10     | Killed an unseen horror
 12099 | D:10     | Reached XP level 11. HP: 72/89 MP: 10/10
 12107 | D:10     | Reached skill level 10 in Fighting
 12641 | D:11     | Reached skill level 10 in Armour
 12641 | D:11     | Reached skill level 10 in Shields
 12859 | D:11     | Reached skill level 13 in Axes
 12862 | D:11     | Found a portal to a secret trove of treasure.
 13537 | D:11     | Noticed a boulder beetle
 13564 | D:11     | Killed a boulder beetle
 13875 | D:11     | Noticed a six-headed hydra
 13875 | D:11     | Noticed a five-headed hydra
 13875 | D:11     | Noticed a death knight
 13875 | D:11     | Noticed a centaur warrior
 13876 | D:11     | Noticed a centaur warrior
 13917 | D:11     | Killed a five-headed hydra
 13918 | D:11     | Killed a death knight
 13918 | D:11     | Killed a six-headed hydra
 13924 | D:11     | Killed a centaur warrior
 13928 | D:11     | Reached skill level 14 in Axes
 14345 | D:11     | Killed a centaur warrior
 14409 | D:11     | Killed an unseen horror
 14967 | D:12     | Noticed Azrael
 15054 | D:11     | Reached XP level 12. HP: 35/99 MP: 11/11
 15438 | D:11     | Noticed a two-headed ogre
 15447 | D:11     | Killed a two-headed ogre
 15674 | Lair:1   | Entered Level 1 of the Lair of Beasts
 15725 | Lair:1   | Gained mutation: You cannot read scrolls while threatened.
                  | [Ru sacrifice]
 15725 | Lair:1   | Reached ***** piety under Ru
 16438 | Lair:2   | Noticed a catoblepas
 16450 | Lair:2   | Killed a catoblepas
 16454 | Lair:2   | Found a frozen archway.
 16474 | Lair:2   | Reached skill level 15 in Axes
 16489 | Lair:2   | Found a gate leading to a gauntlet.
 16513 | Gauntlet | Entered a Gauntlet
 16513 | Gauntlet | Found a transporter.
 16525 | Gauntlet | Found a transporter.
 16525 | Gauntlet | Found a transporter.
 16526 | Gauntlet | Found a transporter.
 16533 | Gauntlet | Found a runed translucent door.
 16536 | Gauntlet | Found a transporter.
 16537 | Gauntlet | Found a transporter.
 16538 | Gauntlet | Found a transporter.
 16547 | Gauntlet | Found a transporter.
 16549 | Gauntlet | Found a transporter.
 16550 | Gauntlet | Found a transporter.
 16556 | Gauntlet | Noticed an anaconda
 16558 | Gauntlet | Found a transporter.
 16558 | Gauntlet | an anaconda changed into a faun
 16561 | Gauntlet | Found a transporter.
 16562 | Gauntlet | Found a transporter.
 16575 | Gauntlet | Found a transporter.
 16575 | Gauntlet | Noticed a balrug
 16815 | Gauntlet | Noticed a catoblepas
 16815 | Gauntlet | Noticed a storm dragon
 16815 | Gauntlet | a catoblepas changed into a storm dragon
 16834 | Gauntlet | Noticed a four-headed hydra
 16836 | Gauntlet | Noticed a satyr
 16836 | Gauntlet | a four-headed hydra changed into a satyr
 16842 | Gauntlet | Noticed an entropy weaver
 16842 | Gauntlet | a satyr changed into an entropy weaver
 16861 | Gauntlet | Identified the +4 plate armour of Grottiness {Dex+3}
 16861 | Gauntlet | Noticed a minotaur
 16881 | Gauntlet | Killed a minotaur
 16964 | Lair:2   | Noticed a six-headed hydra
 16972 | Lair:2   | Killed a six-headed hydra
 17059 | Lair:2   | Noticed a queen ant
 17078 | Lair:2   | Killed a queen ant
 17102 | Lair:2   | Gained mutation: You cannot train Armour skill. [Ru
                  | sacrifice]
 17102 | Lair:2   | Reached ****** piety under Ru
 17103 | Lair:2   | Quit the game

Illustrated notes

Levels and vault maps discovered:
D:1:      sevenhm_arrival_forest_fort_small_4, layout_basic,
          grunt_decor_mini_mirrors, minmay_misc_feat_tiny, minmay_pentomino_x4
D:2:      minmay_chambers_of_twos, layout_basic, kennysheep_jessica_study
D:3:      kennysheep_big_flooded_room, layout_basic
D:4:      layout_cave_pods, yredelemnul_altar_generic
D:5:      layout_layer_cave, minmay_temple_entry_stoned_glass,
          minmay_misc_feat_iff, fedhas_bush_and_centaur_altar
D:6:      layout_cave_pools, biasface_ghost_orc_armoury, uniq_grinder
D:7:      layout_rooms, grunt_gozag_breadcrumbs, minivault_1,
          kb_lookout_dungeons_type, uniq_prince_ribbit1, uniq_joseph,
          uniq_menkaure
D:8:      layout_gridville, eat_drink_and_be_merry_uskayaw, elyvilon_altar_4,
          lair_entry_dummy, nicolae_ossuary_entry_catacombs
D:9:      layout_gridville, general_overflow_altar, orc_0_dummy
D:10:     layout_irregular_city, lemuel_flamethrower_2, uniq_maurice
D:11:     minmay_chambers_of_sevens, layout_loops_cross,
          nicolae_trove_entry_crystal
D:12:     layout_rooms, serial_co_window_serial, co_window_paths_a,
          co_window_corner_a, co_window_paths_a, co_window_of_opportunity_a,
          co_window_of_opportunity_a, co_window_2corner, co_window_paths_c,
          co_window_corner_b, co_window_of_opportunity_c, co_window_broadway_b,
          co_window_2corner, co_window_corner_b, co_window_paths_d,
          co_window_4corner_a, glass_columns_b, glass_columns_a,
          glass_columns_a, enter_bailey_4, uniq_azrael
Temple:   minmay_crystal_spiral_temple
Lair:1:   layout_regular_city, lemuel_fruit_tree
Lair:2:   statuecave_lemuel, layout_small_grid,
          portal_ice_cave_entry_ice_beasts, gauntlet_entry_generic, st_stairs_7,
          minmay_another_anthill

Skill      XL: |  1  2  3  4  5  6  7  8  9 10 11 12 |
---------------+-------------------------------------+-----
Axes           | 3 4 5 6 7 9 11 12 14 15 | 15.7
Fighting       | 4 5 6 7 8 9 11 12 | 12.1
Armour         | 4 5 6 7 8 9 11 0 |  0.0
Shields        | 4 5 6 7 8 9 11 12 | 12.0

Action                   |  1- 3 |  4- 6 |  7- 9 | 10-12 || total
-------------------------+-------+-------+-------+-------++-------
Melee: War axe           |    86 |   114 |   263 |   521 ||   984
       Headbutt          |     9 |    15 |    58 |   146 ||   228
       Eveningstar       |       |       |       |     3 ||     3
Invok: Sacrifice Love    |       |       |     1 |       ||     1
       Sacrifice Health  |       |       |       |     1 ||     1
       Sacrifice Courage |       |       |       |     1 ||     1
       Draw Out Power    |       |       |       |     2 ||     2
       Power Leap        |       |       |       |     1 ||     1
       Sacrifice Words   |       |       |       |     1 ||     1
       Sacrifice Durabil |       |       |       |     1 ||     1
Evoke: Wand              |       |       |       |    17 ||    17
  Use: Potion            |       |     1 |    14 |    12 ||    27
       Scroll            |       |       |       |    25 ||    25
 Stab: Paralysed         |       |       |       |     8 ||     8
       Distracted        |       |       |       |     2 ||     2
       Invisible         |       |       |       |     3 ||     3
       Petrifying        |       |       |       |     1 ||     1
Armor: Scale mail        |    41 |    64 |    75 |   110 ||   290
Dodge: Dodged            |    24 |    45 |    65 |    98 ||   232
Block: Kite shield       |    48 |    70 |   120 |   213 ||   451
